 Dungeon Crawl Stone Soup version 0.28-a0-895-g6e5f11bd55 (webtiles) character file.

Game seed: 16116617854029037157

5077 bande the Cleaver (level 10, 0/63 HPs)
             Began as a Gargoyle Fighter on Nov 22, 2021.
             Was a Follower of Okawaru.
             Slain by a yak (2 damage)
             ... on level 9 of the Dungeon.
             The game lasted 00:14:28 (10001 turns).

bande the Cleaver (Gargoyle Fighter)               Turns: 10001, Time: 00:14:29

Health: 0/63       AC: 23    Str: 20    XL:     10   Next: 56%
Magic:  12/12      EV:  8    Int: 10    God:    Okawaru [*.....]
Gold:   307        SH:  7    Dex: 23    Spells: 9/9 levels left

rFire   . . .      SeeInvis .   h - +2 hand axe (elec)
rCold   . . .      Faith    .   c - +0 buckler
rNeg    + . .      Spirit   .   g - +0 chain mail
rPois   ∞          Reflect  .   e - +0 helmet
rElec   +          Harm     .   i - scarf {repulsion}
rCorr   .          Rampage  .   (no gloves)
Will    .....                   o - +0 pair of boots
Stlth   ..........              (no amulet)
HPRegen 0.20/turn               j - +6 ring of dexterity
MPRegen 0.13/turn               r - +6 ring of dexterity

@: repel missiles, unable to read
A: sickness immunity, AC +7, negative energy resistance 1, electricity
resistance, torment resistance 1, petrification resistance, iridescent scales 1,
inability to read while threatened
a: Renounce Religion, Heroism


You were on level 9 of the Dungeon.
You worshipped Okawaru.
Okawaru was aware of your devotion.
You visited 2 branches of the dungeon, and saw 10 of its levels.

You collected 379 gold pieces.
You spent 72 gold pieces at shops.

Inventory:

Hand Weapons
 a - a +0 war axe
 h - a +2 hand axe of electrocution (weapon)
 l - a +0 vorpal war axe
 n - a +0 morningstar
Missiles
 f - a throwing net (quivered)
Armour
 c - a +0 buckler (worn)
 e - a +0 helmet (worn)
 g - a +0 chain mail (worn)
 i - a scarf of repulsion (worn)
 o - a +0 pair of boots (worn)
Jewellery
 j - a +6 ring of dexterity (left hand)
 r - a +6 ring of dexterity (right hand)
 y - the ring "Luluihem" {rPois rN++ Dex+6}
   (You found it on level 8 of the Dungeon)

   [ring of dexterity]

   Dex:       It affects your dexterity (+6).
   rPois:     It protects you from poison.
   rN:        It greatly protects you from negative energy.
Wands
 u - a wand of flame (15)
Scrolls
 k - 3 scrolls of amnesia
 m - a scroll of fog
 x - a scroll of teleportation
Potions
 b - 2 potions of haste
 d - 2 potions of might
 p - 3 potions of curing
 q - a potion of heal wounds
 t - a potion of resistance
 v - a potion of brilliance
 z - a potion of berserk rage {unknown}
Miscellaneous
 s - a condenser vane


   Skills:
 + Level 7.5 Fighting
 + Level 9.1 Axes
 + Level 8.7 Armour
 + Level 7.0 Shields
 * Level 3.1 Invocations
 * Level 2.4 Evocations


You had 9 spell levels left.
You didn't know any spells.
Your spell library contained the following spells:

 Spells                   Type           Power      Damage    Failure   Level
 Apportation              Tloc           0%         N/A       96%         1
 Sandblast                Erth           0%         2d4       96%         1
 Passwall                 Tmut/Erth      0%         N/A       99%         2
 Dazzling Flash           Conj/Hex       0%         N/A       100%        3
 Stone Arrow              Conj/Erth      0%         3d7       100%        3
 Iskenderun's Mystic Bla  Conj/Tloc      0%         2d3       100%        4
 Starburst                Conj/Fire      0%         6d3       100%        6
 Animate Skeleton         Necr           Unusable   N/A       N/A         1
 Summon Small Mammal      Summ           Unusable   N/A       N/A         1

Dungeon Overview and Level Annotations

Branches:
Dungeon (9/15)             Temple (1/1) D:6
   Lair: D:8-11         Orc: D:9-12

Altars:
Ashenzari
Cheibriados
Dithmenos
Fedhas
Gozag
Hepliaklqana
Kikubaaqudgha
Makhleb
Nemelex Xobeh
Okawaru
Qazlal
Ru
Sif Muna
Trog
Uskayaw
Vehumet
Wu Jian
Xom
Yredelemnul
Zin
The Shining One

Shops:
D:1 =   D:3 (   D:9 *

Annotations:
D:7 2 transporters


Innate Abilities, Weirdness & Mutations

You are immune to sickness and miasma.
Your stone body is resilient. (AC +7)
You are immune to poison.
You resist negative energy. (rN+)
You are resistant to electric shocks. (rElec)
You are resistant to unholy torment.
You are immune to petrification.
You are partially covered in iridescent scales. (AC +2)
You sometimes lose the ability to read scrolls when taking damage.


Message History

You are too injured to fight recklessly!
You are too injured to fight recklessly!
You hit the yak. Lightning courses through the yak!!
You kill the yak!
Okawaru accepts your kill.
You hit the yak. You hit the yak but do no damage.
Your Shields skill increases to level 7!
Your Invocations skill increases to level 3!
Unknown command.
Found a robe and a scroll of amnesia.
The yak barely misses you. The yak closely misses you.
Items here: $ †††.
Unknown command.
The yak gores you but does no damage. The yak gores you.
Unknown command.
You barely miss the yak.
The yak is lightly wounded.
You hit the yak. The yak gores you but does no damage.
Unknown command.
You slash the yak!
The yak is moderately wounded.
You hit the yak.
The yak gores you but does no damage. x2
You slash the yak! Lightning courses through the yak!!
The yak is almost dead.
You hit the yak. The yak gores you!
* * * LOW HITPOINT WARNING * * *
You block the yak's attack.
You slash the yak!
You kill the yak!
Okawaru accepts your kill.
You hit the yak. The yak gores you but does no damage.
A wight comes into view. It is wielding a +3 long sword.
The yak gores you!
* * * LOW HITPOINT WARNING * * *
Items here: $ †††.
Unknown command.
You hit the yak but do no damage.
The yak is heavily wounded.
The yak gores you.
You die...

#......###.##...#
###.....####...#### ##
.........##.#.....##.##
...##.................##
.......(##.#...>.......#
...........#............
...........#..>.........
......<.................
...............Y@.......
........................
...<....................
........................
.####...................
.# ...............[...
.# ....z.........(...
..........#..[.......?..
.#........##............


You could see a yak and a wight.

Vanquished Creatures
  A two-headed ogre (D:5)
  Pikel (D:4)
  Joseph (D:7)
  A blink frog (shapeshifter) (D:8)
  4 yaks (D:9)
  The ghost of mainiacjoe the Sneak, an amateur NaFE (D:4)
  A water moccasin (D:5)
  Duvessa (D:7)
  A sky beast (D:7)
  3 ogres
  A necrophage (D:6)
  2 centaurs
  A lemure (D:4)
  A gnoll sergeant (D:6)
  3 kobold brigands (D:8)
  3 bullfrogs
  5 scorpions
  Dowan (D:7)
  6 killer bees (D:9)
  A howler monkey (D:5)
  2 bullfrog zombies
  A centaur zombie (D:8)
  3 hounds
  3 quasits (D:4)
  2 jellies
  2 orc priests
  2 gnoll shamans (D:7)
  3 iguanas
  2 orc wizards
  A hound zombie (D:5)
  2 hound skeletons
  2 howler monkey zombies
  10 gnolls
  10 adders
  2 shadow imps (D:5)
  An ufetubus (D:4)
  An adder skeleton (D:4)
  A worm (D:4)
  2 dart slugs
  14 orcs
  6 endoplasms
  2 giant cockroaches
  4 hobgoblins
  2 jackals (D:2)
  22 kobolds
  4 quokkas
  10 ball pythons
  8 bats
  6 frilled lizards
  6 goblins
  3 rats
178 creatures vanquished.

Vanquished Creatures (others)
  3 demonic plants (D:1)
  A fungus (D:1)
  29 plants
  A withered plant (D:1)
34 creatures vanquished.

Grand Total: 212 creatures vanquished

Notes
Turn   | Place    | Note
-------+----------+-------------------------------------------
     0 | D:1      | bande the Gargoyle Fighter began the quest for the Orb.
     0 | D:1      | Reached XP level 1. HP: 14/14 MP: 1/1
    44 | D:1      | Found Ivog's Jewellery Boutique.
   103 | D:1      | Reached XP level 2. HP: 19/19 MP: 2/2
   105 | D:1      | Found a faded altar of an unknown god.
   397 | D:1      | Reached skill level 2 in Axes
   415 | D:1      | Reached XP level 3. HP: 17/23 MP: 3/3
  1233 | D:2      | Reached XP level 4. HP: 29/29 MP: 4/4
  1538 | D:2      | Noticed an ogre
  1543 | D:2      | Killed an ogre
  1544 | D:2      | Reached skill level 3 in Axes
  1544 | D:2      | Reached XP level 5. HP: 11/33 MP: 5/5
  2180 | D:3      | Found Losiawui's Weapon Shoppe.
  2261 | D:3      | Bought a +0 vorpal war axe for 72 gold pieces
  2670 | D:3      | Reached XP level 6. HP: 26/38 MP: 6/6
  2688 | D:3      | Reached skill level 4 in Axes
  3620 | D:4      | Noticed Pikel
  3632 | D:4      | Killed Pikel
  3633 | D:4      | Reached skill level 5 in Fighting
  3633 | D:4      | Reached skill level 5 in Axes
  3633 | D:4      | Reached skill level 5 in Armour
  3633 | D:4      | Reached XP level 7. HP: 25/44 MP: 7/7
  3771 | D:4      | Found a radiant altar of Vehumet.
  3775 | D:4      | Found a shimmering blue altar of Sif Muna.
  3775 | D:4      | Found an ancient bone altar of Kikubaaqudgha.
  3788 | D:4      | Found a sparkling altar of Nemelex Xobeh.
  3791 | D:4      | Found a sacrificial altar of Ru.
  3891 | D:4      | Found a transporter.
  3931 | D:4      | Found a transporter.
  3935 | D:4      | Noticed mainiacjoe's ghost (amateur NaFE)
  4232 | D:4      | Reached XP level 8. HP: 44/49 MP: 8/8
  4539 | D:4      | Reached skill level 5 in Shields
  4549 | D:4      | Reached skill level 6 in Axes
  4550 | D:4      | Killed mainiacjoe's ghost
  4848 | D:5      | Entered Level 5 of the Dungeon
  4976 | D:5      | Noticed a two-headed ogre
  4983 | D:5      | Killed a two-headed ogre
  4984 | D:5      | Reached skill level 7 in Axes
  4984 | D:5      | Reached XP level 9. HP: 7/55 MP: 9/9
  5569 | D:5      | Found a shimmering altar of Xom.
  5570 | D:5      | Found a shimmering altar of Xom.
  5570 | D:5      | Found a shimmering altar of Xom.
  5649 | D:5      | Found a hide-covered altar of Uskayaw.
  7074 | D:6      | Found a staircase to the Ecumenical Temple.
  7084 | Temple   | Entered the Ecumenical Temple
  7235 | D:7      | Found a transporter.
  7282 | D:7      | Identified the +2 leather armour "Xicukot" {*Corrode rElec
                  | Int+5}
  7308 | D:7      | Reached skill level 8 in Axes
  7838 | D:7      | Noticed a kobold demonologist
  7842 | D:7      | Found a transporter.
  7942 | D:7      | Found an iron altar of Okawaru.
  7968 | D:7      | Became a worshipper of Warmaster Okawaru
  8047 | D:7      | Noticed Dowan
  8050 | D:7      | Noticed Duvessa
  8072 | D:7      | Killed Duvessa
  8074 | D:7      | Killed Dowan
  8325 | D:7      | Noticed Joseph
  8337 | D:7      | Killed Joseph
  8338 | D:7      | Reached skill level 1 in Invocations
  8338 | D:7      | Reached skill level 1 in Evocations
  8338 | D:7      | Reached XP level 10. HP: 47/63 MP: 9/11
  8978 | D:8      | Reached * piety under Okawaru
  9449 | D:8      | Identified the ring "Luluihem" {rPois rN++ Dex+6}
  9685 | D:9      | Gained mutation: You sometimes lose the ability to read
                  | scrolls when taking damage. [potion of mutation]
  9685 | D:9      | Gained mutation: You are partially covered in iridescent
                  | scales. (AC +2) [potion of mutation]
  9960 | D:9      | Found Gifinop's Gadget Gallery.
  9992 | D:9      | Reached skill level 9 in Axes
 10000 | D:9      | HP: 2/63 [yak (9)]
 10001 | D:9      | Slain by a yak

Illustrated notes

Levels and vault maps discovered:
D:1:      minmay_arrival_four_loops, layout_rooms, shapermc_ecumenical_altar_gd,
          serial_shops, nicolae_square_shop
D:2:      layout_loops_ring, serial_forest, infiniplex_forest_clump_curved,
          infiniplex_forest_side_room, infiniplex_forest_straight_4,
          infiniplex_forest_zigzag_1, infiniplex_forest_clump_small,
          infiniplex_forest_clump_small, minmay_pentomino_u2
D:3:      layout_loops_corners, serial_shops, nicolae_shop_waterfront
D:4:      layout_loops_ring, minmay_overflow_temple_star_hex,
          gammafunk_ghost_stat_death, minivault_11, uniq_pikel
D:5:      layout_loops_corners, mainiacjoe_overflow_alcove_4, xom_redecorated,
          amethyst_killhole
D:6:      layout_basic, minmay_temple_entry_crystal_x
D:7:      gammafunk_wand_slinger, layout_basic, mainiacjoe_overflow_catwalk,
          chequers_arboretum, uniq_joseph, uniq_duvessa
D:8:      layout_basic
D:9:      layout_cave_pools, david_lair_shrubbed, dk_noncrumbling_4,
          nicolae_shop_gadgets
Temple:   dshaligram_water_room_temple

Skill      XL: |  1  2  3  4  5  6  7  8  9 10 |
---------------+-------------------------------+-----
Axes           | 2 3 5 7 8 9 |  9.1
Shields        | 4 5 6 7 |  7.0
Fighting       | 4 5 6 7 |  7.5
Armour         | 4 5 7 8 |  8.7
Invocations    | 1 3 |  3.1
Evocations     | 1 2 |  2.4

Action                   |  1- 3 |  4- 6 |  7- 9 | 10-12 || total
-------------------------+-------+-------+-------+-------++-------
Melee: War axe           |    91 |       |       |       ||    91
       Hand axe          |     8 |   115 |   299 |   131 ||   553
  Use: Scroll            |     5 |     2 |     5 |     4 ||    16
       Potion            |       |       |       |     1 ||     1
Armor: Scale mail        |     6 |       |       |       ||     6
       Chain mail        |    54 |    80 |   261 |    94 ||   489
Dodge: Dodged            |    27 |    36 |   120 |    60 ||   243
       Repelled          |       |       |       |     1 ||     1
Block: Buckler           |    24 |    23 |   118 |    48 ||   213

Table legend: (Time is in decaauts)
 A = Elapsed time spent in this place.
 B = Non-inter-level travel time spent in this place.
 C = Inter-level travel time spent in this place.
 D = Time resting spent in this place.
 E = Time spent auto-exploring this place.
 F = Levels seen in this place.
 G = Mean time per level.
                   A        B        C        D        E       F      G
               +--------+--------+--------+--------+--------+-----+--------+
         Total |  10023 |   9981 |     42 |   2128 |   6066 |  10 | 1002.3 |
       Dungeon |   9918 |   9876 |     42 |   2128 |   6006 |   9 | 1102.0 |
        Temple |    104 |    104 |      0 |      0 |     60 |   1 |  104.0 |
               +--------+--------+--------+--------+--------+-----+--------+

Top non-repeatable levels by time:
     D:7: 1571 daAuts
     D:5: 1490 daAuts
     D:4: 1416 daAuts
     D:3: 1308 daAuts
     D:2: 1248 daAuts
     D:1: 928 daAuts
     D:8: 850 daAuts
     D:6: 787 daAuts
     D:9: 316 daAuts
  Temple: 104 daAuts
